AoeStats
← pochita156

Black Forest

503698167Analyzed
4v4 RM · 2mo ago on Sep 1, 2026· 57m 55s· 8 players
Game mode
Random Map
Map size
Large (8 player)
Population
200
Speed
Normal
Resources
Standard
Victory
Conquest
Starting age
Dark Age
Ending age
Imperial Age
RankedLock teamsTeams togetherTeam positionsShared explorationLock speedFull tech treeHidden civsTurbo modeCheats
Victory
Defeat
🇪🇸 Franks · Spain
932
+4
🇩🇪 Ethiopians · Germany
919
+5
🇪🇸 Italians · Spain
586
+17
🇪🇸 Spanish · Spain
505
+21
vs
🇦🇷 Khmer · Argentina
667
-13
🇬🇷 Bohemians · Greece
661
-13
🇨🇿 Persians · Czechia
580
-9
🇦🇷 Vietnamese · Argentina
554
-8
ladyzika
2:15 Loom
16:54 Feudal Age
20:38 Double-Bit Axe
20:37 Horse Collar
26:05 Castle Age
24:51 Town Watch
26:34 Wheelbarrow
27:52 Man-at-Arms
27:54 Pikeman
29:45 Husbandry
32:01 Squires
37:10 Crossbowman
37:58 Arson
41:19 Gold Mining
45:56 Imperial Age
44:49 Hand Cart
46:02 Thumb Ring
46:38 Bow Saw
pochita156
1:44 Loom
15:43 Feudal Age
17:05 Wheelbarrow
20:35 Double-Bit Axe
23:04 Castle Age
23:20 Stone Mining
23:41 Gold Mining
25:50 Horse Collar
27:50 Bow Saw
29:47 Heavy Plow
33:56 Hand Cart
36:02 Gold Shaft Mining
41:53 Imperial Age
39:29 Tusk Swords
40:34 Caravan
41:44 Town Watch
43:07 Stone Shaft Mining
44:06 Conscription
44:49 Crop Rotation
45:25 Scale Barding Armor
46:18 Fortified Wall
47:10 Chemistry
46:44 Pikeman
48:23 Siege Engineers
48:15 Murder Holes
48:32 Masonry
48:32 Scale Mail Armor
48:43 Forging
48:24 Fletching
50:01 Heavy Scorpion
gkalounias
0:29 Loom
17:43 Feudal Age
18:20 Town Watch
19:11 Wheelbarrow
19:07 Horse Collar
19:16 Double-Bit Axe
26:54 Castle Age
29:20 Hand Cart
P4VO 5656
12:02 Feudal Age
15:56 Loom
19:57 Castle Age
31:11 Ballistics
34:05 Double-Bit Axe
36:47 Chatras
43:13 Imperial Age
41:13 Elite Skirmisher
41:39 Treadmill Crane
43:03 Stone Mining
43:10 Gold Mining
44:32 Wheelbarrow
44:28 Paper Money
43:53 Imperial Skirmisher
44:34 Elite Battle Elephant
46:04 Horse Collar
46:56 Fortified Wall
47:49 Chemistry
schanzer
0:30 Loom
12:22 Feudal Age
13:38 Double-Bit Axe
19:23 Castle Age
20:01 Horse Collar
22:22 Bow Saw
23:44 Wheelbarrow
23:12 Crossbowman
23:59 Fletching
24:21 Thumb Ring
25:07 Town Watch
25:48 Ballistics
25:40 Padded Archer Armor
29:57 Hand Cart
29:18 Elite Skirmisher
30:37 Heavy Plow
31:20 Bodkin Arrow
32:27 Town Patrol
36:35 Imperial Age
37:09 Leather Archer Armor
37:06 Forging
37:51 Bracer
38:22 Ring Archer Armor
38:57 Two-Man Saw
39:05 Chemistry
38:11 Siege Engineers
39:20 Arbalester
40:38 Iron Casting
40:03 Scale Mail Armor
40:58 Gold Mining
40:59 Stone Mining
42:58 Gold Shaft Mining
43:01 Stone Shaft Mining
46:05 Fortified Wall
47:01 Blast Furnace
46:16 Chain Mail Armor
50:23 Plate Mail Armor
49:59 Scale Barding Armor
51:06 Murder Holes
51:21 Masonry
51:02 Heated Shot
56:39 Capped Ram
56:40 Onager
58:41 Conscription
57:44 Spies/Treason
58:47 Conscription
mckiwen
0:30 Loom
14:20 Feudal Age
16:30 Wheelbarrow
19:47 Castle Age
19:34 Double-Bit Axe
20:59 Bow Saw
20:42 Gold Mining
20:42 Stone Mining
23:00 Gold Shaft Mining
28:01 Forging
28:30 Scale Barding Armor
30:09 Hand Cart
32:37 Town Watch
34:44 Town Patrol
40:06 Imperial Age
39:30 Iron Casting
39:15 Chain Barding Armor
38:48 Fletching
38:59 Padded Archer Armor
39:25 Ballistics
39:01 Murder Holes
39:16 Masonry
41:56 Blast Furnace
40:19 Cavalier
40:59 Husbandry
42:09 Paladin
43:53 Chivalry
44:13 Conscription
45:32 Chemistry
45:02 Architecture
45:13 Coinage
44:59 Caravan
46:37 Hoardings
50:14 #83
50:47 Plate Barding Armor
50:32 Leather Archer Armor
50:12 Bodkin Arrow
51:34 Elite Throwing Axeman
59:04 Banking
Barreplayas
0:41 Loom
20:25 Feudal Age
21:04 Horse Collar
21:13 Double-Bit Axe
22:23 Wheelbarrow
33:04 Castle Age
31:01 Fletching
31:16 Padded Archer Armor
32:58 Gold Mining
32:59 Stone Mining
35:23 Hand Cart
35:10 Heavy Plow
35:23 Bow Saw
36:10 Stone Shaft Mining
43:06 Imperial Age
41:48 Ballistics
42:39 Caravan
43:03 Bodkin Arrow
43:27 Leather Archer Armor
45:37 Two-Man Saw
45:09 Crop Rotation
45:47 Town Watch
50:16 Elite Genoese Crossbowman
51:14 Pirotechnia
52:08 Town Watch
53:04 Ring Archer Armor
52:34 Bracer
52:35 Scale Mail Armor
52:46 Forging
53:43 Silk Road
56:08 Chemistry
55:08 Heated Shot
McVainas
0:28 Loom
17:15 Feudal Age
18:52 Double-Bit Axe
20:30 Horse Collar
21:55 Gold Mining
23:27 Stone Mining
28:53 Castle Age
28:18 Wheelbarrow
31:11 Stone Shaft Mining
34:56 Hand Cart
36:28 Bow Saw
37:20 Heavy Plow
39:08 Caravan
44:07 Imperial Age
42:27 Ballistics
42:03 Murder Holes
42:51 Inquisition
45:49 Chemistry
44:35 Arrowslits
45:01 Fortified Wall
45:27 Conscription
45:53 Forging
45:34 Fletching
45:44 Padded Archer Armor
46:03 Bloodlines
45:53 Husbandry
46:22 Guilds
46:01 Town Watch
47:23 Town Patrol
48:54 Hoardings
48:22 Elite Conquistador
51:23 Iron Casting
50:43 Bodkin Arrow
51:04 Leather Archer Armor
50:54 Scale Barding Armor
50:49 Scale Mail Armor
53:00 Two-Man Saw
54:32 Blast Furnace
53:33 Bracer
55:39 Ring Archer Armor
55:26 Chain Mail Armor
55:31 Chain Barding Armor
58:20 Redemption
58:10 Atonement
58:20 Fervor
58:30 Sanctity
58:10 Devotion
58:35 Illumination
58:25 Block Printing
58:32 Heresy
58:47 Theocracy
58:07 Herbal Medicine
Connection lost

Rejoining the realm…

Still unreachable

The connection could not be restored.

Session expired

The server has moved on; the page needs a fresh start.